 Dungeon Crawl Stone Soup version 0.31.0-32-g396128a36d (webtiles) character file.

Game seed: 13866625710021886894

1120 MisterFreud the Cutter (level 8, -3/55 (64) HPs)
             Began as a Gnoll Reaver on Apr 1, 2024.
             Was a Follower of Dithmenos.
             Slain by a gnoll
             ... wielding a +0 spear
             ... led by a gnoll bouda
              (5 damage)
             ... on level 7 of the Dungeon.
             The game lasted 00:09:17 (6488 turns).

MisterFreud the Cutter (Gnoll Reaver)               Turns: 6488, Time: 00:09:18

HP:   -3/55 (64)    AC:  4    Str: 11    XL:     8   Next: 34%
MP:   16/17         EV: 13    Int: 22    God:    Dithmenos [*.....]
Gold: 279           SH:  0    Dex: 10    Spells: 15/19 levels left

rFire   . . .        j - +0 dagger (venom)
rCold   . . .        (no shield)
rNeg    . . .        b - +1 leather armour
rPois   .            (no helmet)
rElec   .            (no cloak)
rCorr   .            (no gloves)
SInv    .            (no boots)
Will    .....        s - amulet of magic regeneration
Stlth   ++           i - +6 ring of intelligence
HPRegen 0.29/turn    (no ring)
MPRegen 0.55/turn

%: no passive effects
@: wreathed by umbra, heavily drained
A: fangs 1, strong nose, distributed training
a: Renounce Religion


You were on level 7 of the Dungeon.
You worshipped Dithmenos.
Dithmenos was aware of your devotion.
You visited 2 branches of the dungeon, and saw 8 of its levels.

You collected 369 gold pieces.
You spent 90 gold pieces at shops.

Inventory:

Hand Weapons
 a - a +0 short sword
 j - a +0 dagger of venom (weapon)
Armour
 b - a +1 leather armour (worn)
Jewellery
 d - a ring of ice
 i - a +6 ring of intelligence (left hand)
 s - an amulet of magic regeneration (around neck)
 u - a ring of fire
 z - a ring of magical power
Wands
 q - a wand of iceblast (12)
Scrolls
 l - 2 scrolls of teleportation
 o - 2 scrolls of blinking
 v - 2 scrolls of identify
 w - a scroll of silence {unknown}
 x - a scroll of enchant weapon {unknown}
 y - a scroll of amnesia
Potions
 c - 3 potions of mutation
 e - 3 potions of magic
 f - a potion of invisibility
 g - a potion of degeneration
 h - a potion of ambrosia {unknown}
 k - a potion of curing
 m - a potion of might {unknown}
 n - 2 potions of heal wounds
 p - a potion of cancellation {unknown}
 r - 2 potions of attraction {unknown}
 t - a potion of brilliance {unknown}


   Skills:
 + Level 5.7 Fighting
 + Level 7.4 Short Blades
 + Level 3.3 Long Blades
 + Level 3.3 Axes
 + Level 3.3 Maces & Flails
 + Level 3.3 Polearms
 + Level 3.3 Staves
 + Level 3.3 Ranged Weapons
 + Level 3.3 Throwing
 + Level 3.3 Armour
 + Level 5.7 Dodging
 + Level 3.3 Stealth
 + Level 3.3 Shields
 + Level 3.3 Unarmed Combat
 + Level 6.0 Spellcasting
 + Level 6.1 Conjurations
 + Level 2.7 Hexes
 + Level 2.7 Summonings
 + Level 2.7 Necromancy
 + Level 2.7 Translocations
 + Level 2.7 Fire Magic
 + Level 2.7 Ice Magic
 + Level 2.7 Air Magic
 + Level 2.7 Earth Magic
 + Level 2.7 Alchemy
 + Level 3.6 Invocations
 + Level 3.3 Evocations
 + Level 3.0 Shapeshifting


You had 15 spell levels left.
You knew the following spells:

 Your Spells              Type           Power      Damage    Failure   Level
a - Kiss of Death         Conj/Necr      100%       2d13      1%          1
b - Dazzling Flash        Conj/Hex       52%        N/A       5%          3

Your spell library contained the following spells:

 Spells                   Type           Power      Damage    Failure   Level
 Sting                    Conj/Alch      100%       1d9       1%          1
 Momentum Strike          Conj/Tloc      52%        3d9       2%          2
 Apportation              Tloc           36%        N/A       3%          1
 Hailstorm                Conj/Ice       26%        3d7       5%          3
 Stone Arrow              Conj/Erth      52%        3d10      5%          3
 Jinxbite                 Hex            36%        N/A       6%          2
 Mercury Vapours          Alch/Air       36%        N/A       6%          2
 Mephitic Cloud           Conj/Alch/Air  23%        N/A       7%          3
 Animate Armour           Summ/Erth      36%        N/A       36%         4
 Olgreb's Toxic Radiance  Alch           18%        N/A       36%         4
 Alistair's Intoxication  Alch           12%        N/A       71%         5
 Curse of Agony           Necr           18%        N/A       71%         5
 Silence                  Hex/Air        9%         N/A       71%         5
 Lehudib's Crystal Spear  Conj/Erth      13%        10d4      100%        8


Dungeon Overview and Level Annotations

Branches:
Dungeon (7/15)             Temple (1/1) D:5

Altars:
Ashenzari
Cheibriados
Dithmenos
Elyvilon
Fedhas
Gozag
Hepliaklqana
Kikubaaqudgha
Makhleb
Nemelex Xobeh
Okawaru
Qazlal
Ru
Sif Muna
Trog
Uskayaw
Vehumet
Xom
Yredelemnul
Zin
The Shining One

Shops:
D:2 ?   D:5 !


Innate Abilities, Weirdness & Mutations

You have very sharp teeth.
Your uncanny sense of smell can sniff out nearby items.
Your experience applies equally to all skills.


Message History

The kobold hits you with a +0 dagger.
The gnoll hits you from afar with a +0 spear.
* * * LOW HITPOINT WARNING * * *
Unknown command.
You hit the white imp but do no damage.
The white imp is poisoned.
The kobold hits you with a +0 dagger.
* * * LOW HITPOINT WARNING * * *
The white imp misses you.
You hit the white imp.
The white imp is lightly wounded.
The kobold is no longer blind.
The gnoll hits you from afar with a +0 spear.
* * * LOW HITPOINT WARNING * * *
The kobold hits you with a +0 short sword.
* * * LOW HITPOINT WARNING * * *
Unknown command.
Unknown command.
Unknown command.
Unknown command.
You hit the white imp but do no damage.
The white imp is lightly wounded.
The white imp is no longer blind.
The kobold brigand is no longer blind.
The kobold hits you but does no damage.
The white imp hits you but does no damage.
The gnoll misses you.
Unknown command.
Casting: Dazzling Flash (dangerous; 5% risk of failure)
Confirm with . or Enter, or press ? or * to list all spells.
Aiming: Kiss of Death (safe; 1% risk of failure)
Press: ? - help, Shift-Dir - straight line, f - white imp
Aim: a white imp (moderately wounded, very poisoned, umbra, 100% to hit)
The negative energy hits the white imp.
The white imp completely resists.
The white imp is moderately wounded.
You feel drained. The kobold closely misses you. The white imp hits you.
* * * LOW HITPOINT WARNING * * *
The white imp freezes you.
* * * LOW HITPOINT WARNING * * *
The kobold closely misses you.
The gnoll hits you from afar with a +0 spear.
You die...

#.# #.# #.# ##### #.# #.5.g
#.# #.### #.# ##########.#
#.# #........#.###
####.##########........#...g
#>.........@5K...)........g.
##.........KKg..............
##############........#....
#...)....#....
#........##### ##########


You could see a kobold brigand (extremely poisoned), a gnoll, a white imp (very
poisoned) and 2 kobolds.

Vanquished Creatures
  Prince Ribbit (D:7)
  A water moccasin (D:6)
  A centaur (D:7)
  A phantom (D:5)
  2 scorpions
  A howler monkey (D:6)
  4 hounds
  A sleepcap (D:5)
  5 iguanas
  Ijyb (D:5)
  6 gnolls
  6 adders
  A white imp (D:6)
  4 dart slugs
  4 ribbon worms
  4 orcs
  4 ball pythons
  9 bats
  4 endoplasms
  3 giant cockroaches
  6 goblins
  5 hobgoblins
  2 jackals (D:1)
  5 quokkas
  5 frilled lizards
  10 kobolds
  9 rats
105 creatures vanquished.

Notes
Turn   | Place    | Note
-------+----------+-------------------------------------------
     0 | D:1      | MisterFreud the Gnoll Reaver began the quest for the Orb.
     0 | D:1      | Reached XP level 1. HP: 20/20 MP: 6/6
   109 | D:1      | Reached XP level 2. HP: 14/22 MP: 4/7
   711 | D:2      | Reached skill level 5 in Spellcasting
   711 | D:2      | Reached XP level 3. HP: 29/29 MP: 7/9
   863 | D:2      | Reached skill level 1 in Invocations
   955 | D:2      | Reached skill level 1 in Long Blades
   955 | D:2      | Reached skill level 1 in Axes
   955 | D:2      | Reached skill level 1 in Maces & Flails
   955 | D:2      | Reached skill level 1 in Polearms
   955 | D:2      | Reached skill level 1 in Staves
   955 | D:2      | Reached skill level 1 in Ranged Weapons
   955 | D:2      | Reached skill level 1 in Throwing
   955 | D:2      | Reached skill level 1 in Armour
   955 | D:2      | Reached skill level 1 in Stealth
   955 | D:2      | Reached skill level 1 in Shields
   955 | D:2      | Reached skill level 1 in Unarmed Combat
   955 | D:2      | Reached skill level 1 in Evocations
  1197 | D:2      | Reached skill level 1 in Shapeshifting
  1197 | D:2      | Reached XP level 4. HP: 15/38 MP: 11/11
  1317 | D:2      | Found Kyegi's Magic Scroll Shop.
  1320 | D:2      | Bought a scroll of blinking for 90 gold pieces
  1722 | D:3      | Found the +5 woodcutter's axe
  1735 | D:3      | Reached skill level 1 in Hexes
  1735 | D:3      | Reached skill level 1 in Summonings
  1735 | D:3      | Reached skill level 1 in Necromancy
  1735 | D:3      | Reached skill level 1 in Translocations
  1735 | D:3      | Reached skill level 1 in Fire Magic
  1735 | D:3      | Reached skill level 1 in Ice Magic
  1735 | D:3      | Reached skill level 1 in Air Magic
  1735 | D:3      | Reached skill level 1 in Earth Magic
  1735 | D:3      | Reached skill level 1 in Alchemy
  2850 | D:4      | Reached XP level 5. HP: 10/43 MP: 12/12
  3024 | D:4      | Learned a level 3 spell: Dazzling Flash
  3525 | D:5      | Entered Level 5 of the Dungeon
  3584 | D:5      | Found a staircase to the Ecumenical Temple.
  3598 | Temple   | Entered the Ecumenical Temple
  3619 | Temple   | Became a worshipper of Dithmenos the Shadowed
  3815 | D:5      | Found Baohyubb's Distillery.
  3840 | D:5      | Reached XP level 6. HP: 41/50 MP: 14/14
  3886 | D:5      | Reached skill level 5 in Fighting
  3886 | D:5      | Reached skill level 5 in Dodging
  4239 | D:5      | Reached skill level 7 in Short Blades
  4239 | D:5      | Reached XP level 7. HP: 15/56 MP: 12/15
  4498 | D:5      | Noticed Ijyb
  4512 | D:5      | Killed Ijyb
  5605 | D:6      | Reached * piety under Dithmenos
  5918 | D:7      | Reached XP level 8. HP: 26/63 MP: 12/16
  6099 | D:7      | Noticed Prince Ribbit
  6117 | D:7      | Killed Prince Ribbit
  6488 | D:7      | HP: 2/55 [white imp (4)]
  6488 | D:7      | Slain by a gnoll

Illustrated notes

Levels and vault maps discovered:
D:1:      amcnicky_arrival_blooded_trapdoor, layout_basic,
          grunt_decor_one_mirror
D:2:      layout_basic, serial_shops, nicolae_shop_rolled_up
D:3:      layout_basic
D:4:      layout_cave_pods, minmay_splitting_lines
D:5:      layout_loops_ring, temple_green, portal_sewer_entry_f, serial_shops,
          nicolae_shop_advertising_works [nicolae_subvault_shop_adworks],
          hex_large, uniq_ijyb
D:6:      layout_loops_corners, roderic_batcave
D:7:      layout_basic, uniq_prince_ribbit1
Temple:   roderic_octagonal_lattice_temple

Skill      XL: |  1  2  3  4  5  6  7  8 |
---------------+-------------------------+-----
Spellcasting   | 5 6 |  6.0
Invocations    | 1 2 3 |  3.6
Long Blades    | 1 2 3 |  3.3
Axes           | 1 2 3 |  3.3
Maces & Flails | 1 2 3 |  3.3
Polearms       | 1 2 3 |  3.3
Staves         | 1 2 3 |  3.3
Ranged Weapons | 1 2 3 |  3.3
Throwing       | 1 2 3 |  3.3
Armour         | 1 2 3 |  3.3
Stealth        | 1 2 3 |  3.3
Shields        | 1 2 3 |  3.3
Unarmed Combat | 1 2 3 |  3.3
Evocations     | 1 2 3 |  3.3
Shapeshifting  | 1 2 3 |  3.0
Hexes          | 1 2 |  2.7
Summonings     | 1 2 |  2.7
Necromancy     | 1 2 |  2.7
Translocations | 1 2 |  2.7
Fire Magic     | 1 2 |  2.7
Ice Magic      | 1 2 |  2.7
Air Magic      | 1 2 |  2.7
Earth Magic    | 1 2 |  2.7
Alchemy        | 1 2 |  2.7
Fighting       | 5 |  5.7
Dodging        | 5 |  5.7
Short Blades   | 7 |  7.4
Conjurations   | 6 |  6.1

Action                     |  1- 3 |  4- 6 |  7- 9 || total
---------------------------+-------+-------+-------++-------
  Melee: Short sword       |    57 |       |       ||    57
         Bite              |    15 |    22 |    12 ||    49
         Dagger            |    66 |   191 |   183 ||   440
         Punch             |     1 |     3 |     1 ||     5
   Cast: Kiss of Death     |     2 |     1 |     2 ||     5
         Dazzling Flash    |       |     3 |    12 ||    15
    Use: Scroll            |       |     8 |     5 ||    13
         Potion            |       |       |     1 ||     1
   Stab: Sleeping          |       |     4 |       ||     4
         Invisible         |       |     3 |     5 ||     8
 Armour: Leather armour    |    53 |    68 |   103 ||   224
  Dodge: Dodged            |    35 |    73 |   142 ||   250
